 Dungeon Crawl Stone Soup version 0.20.1-1-g8b1a95d (webtiles) character file.

40 Energizer the Conjurer (level 3, -2/26 (28) HPs)
             Began as a Ghoul Conjurer on July 15, 2017.
             Slain by an adder (3 damage)
             ... on level 2 of the Dungeon.
             The game lasted 00:09:40 (1934 turns).

Energizer the Conjurer (Ghoul Conjurer)             Turns: 1934, Time: 00:09:40

HP:   -2/26 (28)    AC:  2    Str: 11    XL:     3   Next: 50%
MP:   1/5           EV: 11    Int: 11    God:
Gold: 73            SH:  0    Dex:  9    Spells: 5/6 levels left

rFire    . . .     SeeInvis .   (no weapon)
rCold    + . .     Gourm    .   (no shield)
rNeg     + + +     Faith    .   a - +0 robe
rPois    ∞         Spirit   .   (no helmet)
rElec    .         Reflect  .   (no cloak)
rCorr    .         Harm     .   (no gloves)
MR       .....                  (no boots)
Stlth    +.........             (no amulet)
Regen    0.0/turn               (no ring)
MPRegen  0.1/turn               (no ring)

@: very slightly contaminated, rotting, heavily drained
A: rotting body, claws 1, carnivore 3, cold resistance 1, negative energy
resistance 3, inhibited regeneration, torment resistance, unbreathing
a: no special abilities


You were on level 2 of the Dungeon.
You were hungry.

You visited 1 branch of the dungeon, and saw 2 of its levels.

You collected 73 gold pieces.

Inventory:

Armour
 a - a +0 robe (worn)
Wands
 m - a wand of enslavement (17/24)
Scrolls
 d - 2 scrolls of magic mapping {unknown}
 e - 2 scrolls of identify
 j - a scroll of noise {unknown}
 k - a scroll of teleportation {unknown}
 l - a scroll of remove curse {unknown}
Potions
 f - a potion of curing
 h - 2 potions of brilliance {unknown}
 i - a potion of might {unknown}
Books
 b - a book of Conjurations

   Spells                             Type                      Level
   a - Magic Dart                     Conjuration                  1
   b - Searing Ray                    Conjuration                  2
   c - Dazzling Spray                 Conjuration/Hexes            3
   d - Fulminant Prism                Conjuration/Hexes            4
   e - Force Lance                    Conjuration/Translocation    4
   f - Iskenderun's Mystic Blast      Conjuration                  4
Comestibles
 c - a meat ration
 g - a royal jelly


   Skills:
 + Level 1.5(0.2) Fighting
 - Level 1.7(0.4) Dodging
 - Level 2.1(0.8) Stealth
 + Level 2.0(0.7) Spellcasting
 * Level 3.8(2.4) Conjurations


You had 5 spell levels left.
You knew the following spells:

 Your Spells              Type           Power        Failure   Level  Hunger
a - Magic Dart            Conj           #...         12%         1    ##.....


Dungeon Overview and Level Annotations

Branches:
Dungeon (2/15)

Altars:
Ru

Annotations:
D:2 Terence


Innate Abilities, Weirdness & Mutations

Your body is rotting away.
You thrive on raw meat.
You are immune to poison.
You have sharp fingernails.
You are carnivorous and can eat meat at any time.
Your flesh is cold resistant. (rC+)
You are immune to negative energy. (rN+++)
You do not regenerate when monsters are visible.
You are immune to unholy pain and torment.
You can survive without breathing.


Message History

* * * LOW HITPOINT WARNING * * *
You miss the adder.
The adder is almost dead.
The adder closely misses you. The quokka barely misses you.
You scratch the adder but do no damage.
The adder is almost dead.
The adder closely misses you. The quokka closely misses you.
The adder bites you.
* * * LOW HITPOINT WARNING * * *
You closely miss the adder.
The adder is severely wounded.
The quokka closely misses you. The adder bites you but does no damage.
You scratch the adder.
The adder is almost dead.
The quokka twitches its whiskers.
The quokka completely misses you. The adder misses you.
You closely miss the adder.
The adder is almost dead.
The adder bites you.
You die...

## ... ### ...
..# ###.## #.##
#.....##..####
.......#.....
.......#..#
..._.)r@.#
......S#.##
.......#..#####
#.....##.....<#
###.## #.######
... ...# ##.
##### #


You could see an adder and a quokka.

Vanquished Creatures
  An ooze (D:1)
  2 dart slugs (D:1)
  A leopard gecko (D:1)
  2 ball pythons (D:1)
  4 bats (D:1)
  A giant cockroach (D:1)
  5 hobgoblins (D:1)
  3 frilled lizards (D:1)
  2 goblins (D:1)
  5 kobolds (D:1)
  4 rats (D:1)
30 creatures vanquished.

Notes
Turn   | Place    | Note
-------+----------+-------------------------------------------
     0 | D:1      | Energizer the Ghoul Conjurer began the quest for the Orb.
     0 | D:1      | Reached XP level 1. HP: 14/14 MP: 2/2
   318 | D:1      | Reached XP level 2. HP: 22/22 MP: 0/3
   617 | D:1      | Reached skill level 1 in Fighting
   757 | D:1      | Reached XP level 3. HP: 18/28 MP: 1/4
  1644 | D:2      | Noticed Terence
  1920 | D:2      | Found a sacrificial altar of Ru.
  1931 | D:2      | HP: 1/26 [adder (1)]
  1934 | D:2      | Slain by an adder

Skill      XL: |  1  2  3 |
---------------+----------+-----
Fighting       | 1 |  1.5
Spellcasting   | 2 |  2.0
Dodging        | |  1.7
Stealth        | |  2.1
Conjurations   | |  3.8

Action                   || total
-------------------------++-------
Melee: Unarmed           ||    79
 Cast: Magic Dart        ||    70
  Use: Scroll            ||     1
 Stab: Sleeping          ||     1
  Eat: Chunk             ||     4
       Royal jelly       ||     1
Armor: Robe              ||    11
Dodge: Dodged            ||    59
